 Dungeon Crawl Stone Soup version 0.22-a0-185-ge330310 (webtiles) character file.

26 vishdafish the Skirmisher (level 2, 0/24 HPs)
             Began as a Demonspawn Fighter on Feb 15, 2018.
             Succumbed to a kobold's poison
             ... on level 1 of the Dungeon.
             The game lasted 00:00:55 (423 turns).

vishdafish the Skirmisher (Demonspawn Fighter)       Turns: 423, Time: 00:00:56

Health: 0/24       AC:  6    Str: 23    XL:     2   Next: 89%
Magic:  2/2        EV:  7    Int: 14    God:
Gold:   4          SH:  9    Dex: 12    Spells: 1/1 levels left

rFire    . . .     SeeInvis .   a - +0 long sword
rCold    . . .     Gourm    .   c - +0 shield
rNeg     . . .     Faith    .   b - +0 scale mail
rPois    .         Spirit   .   (helmet restricted)
rElec    .         Reflect  .   (no cloak)
rCorr    .         Harm     .   (no gloves)
MR       .....                  (no boots)
Stlth    ..........             (no amulet)
HPRegen  0.08/turn              i - ring of flight
MPRegen  0.08/turn              (no ring)

@: mighty, brilliant, lethally poisoned (0 -> -34)
A: antennae 1, powered by death 1, strong 1
a: Evoke Flight


You were on level 1 of the Dungeon.
You were not hungry.

You visited 1 branch of the dungeon, and saw 1 of its levels.

You collected 4 gold pieces.

Inventory:

Hand Weapons
 a - a +0 long sword (weapon)
Armour
 b - a +0 scale mail (worn)
 c - a +0 shield (worn)
Jewellery
 i - a ring of flight (left hand)
Scrolls
 e - 4 scrolls of identify {unknown}
 j - a scroll of fog {unknown}
Potions
 h - a potion of brilliance
 k - a potion of haste {unknown}
Comestibles
 f - a ration


   Skills:
 + Level 3.2 Fighting
 * Level 2.4 Long Blades
 + Level 2.9 Armour
 + Level 2.9 Shields


You had one spell level left.
You didn't know any spells.

Dungeon Overview and Level Annotations

Branches:
Dungeon (1/15)

Altars:


Innate Abilities, Weirdness & Mutations

You regenerate a little health from kills.
You have a pair of small antennae on your head.
Your muscles are strong. (Str +2)


Message History

You are too injured to fight recklessly!
You are too injured to fight recklessly!
You are too injured to fight recklessly!
You are too injured to fight recklessly!
You are too injured to fight recklessly!
You are too injured to fight recklessly!
You feel very mighty all of a sudden.
You feel sick. The kobold hits you but does no damage.
You are more poisoned.
You slash the kobold!
You kill the kobold!
* * * LOW HITPOINT WARNING * * *
You feel very sick.
It was a potion of brilliance.
You feel clever all of a sudden.
* * * LOW HITPOINT WARNING * * *
You feel very sick.
It was a potion of mutation.
You feel extremely strange. A pair of antennae grows on your head!
You feel stronger.
You die...

#..###.####.#.##
#............>.#
##.###.####.....
#.# #.# #).....
#.# #.# ##.....
#######.# #.#
#..... #.......#
#.# #.....
######(#######
#.# ###.##
#.........@)..#
..# #.#
#.#####.#####.#
### ##)## #.#
##...# #.#
######..>.. #..
.......†... ..#
######†.... #.#
#....# ..
###..##.
#.......


There were no monsters in sight!

Vanquished Creatures
  3 dart slugs (D:1)
  A leopard gecko (D:1)
  2 giant cockroaches (D:1)
  A goblin (D:1)
  2 hobgoblins (D:1)
  3 bats (D:1)
  2 frilled lizards (D:1)
  4 kobolds (D:1)
  2 rats (D:1)
20 creatures vanquished.

Notes
Turn   | Place    | Note
-------+----------+-------------------------------------------
     0 | D:1      | vishdafish the Demonspawn Fighter began the quest for the Orb.
     0 | D:1      | Reached XP level 1. HP: 18/18 MP: 1/1
    93 | D:1      | Gained mutation: You regenerate a little health from kills. [demonic ancestry]
    93 | D:1      | Reached XP level 2. HP: 19/24 MP: 2/2
   423 | D:1      | Gained mutation: You have a pair of small antennae on your head. [potion of mutation]
   423 | D:1      | Gained mutation: Your muscles are strong. (Str +2) [potion of mutation]
   423 | D:1      | Succumbed to a kobold's poison

Vault maps used:
D:1:      lemuel_arrival_rhombus, minmay_heptomino_w4

Skill      XL: |  1 |
---------------+----+-----
Long Blades    | 2 |  2.4
Fighting       | |  3.2
Armour         | |  2.9
Shields        | |  2.9

Action                   || total
-------------------------++-------
Melee: Long sword        ||    80
  Use: Potion            ||     3
Armor: Scale mail        ||    38
Dodge: Dodged            ||    30
Block: Shield            ||    38
       Rpst.: Long sword ||     7

Table legend:
 A = Spawn XP
 B = Non-spawn XP
 C = Spawn XP percentage of total XP
 D = Spawn monster count
 E = Non-spawn monster count
 F = Spawn count percentage of total count
 G = Total turns spent on level
                    A         B        C        D         E        F      G
               +---------+---------+-------+---------+---------+-------+---------
         Total |       0 |      38 |   0.0 |       0 |      20 |   0.0 |   423
               +---------+---------+-------+---------+---------+-------+---------
           D:1 |       0 |      38 |   0.0 |       0 |      20 |   0.0 |   423
               +---------+---------+-------+---------+---------+-------+---------
